PCL
REDWOOD CITY REDWOODS @ CALGARY COWBOYS
09/06/2026
 
TOP OF THE 1ST
Redwood City Redwoods batting - Pitching for Calgary Cowboys : RHP Esteban Castro
Pitching: RHP Esteban Castro
Batting: LHB Diego González 0-0: Ball
1-0: Ball
2-0: Ball
3-0: Called Strike
3-1: Ground out 5-3 (Groundball, 56S)
Batting: RHB Bob Campbell 0-0: Foul Ball, location: 2F
0-1: Swinging Strike
0-2: Ball
1-2: Ball
2-2: Ball
3-2: Foul Ball, location: 2F
3-2: Fly out, F2 (Popup, 2R)
Batting: LHB Iván Salas 0-0: Ball
1-0: Called Strike
1-1: Ball
2-1: DOUBLE (Line Drive, 78XD)
Batting: LHB Ryan Hensley 0-0: Ball
1-0: Called Strike
1-1: DOUBLE (Line Drive, 9LD)
Iván Salas scores
Batting: RHB Rafael Rincón 0-0: Ball
1-0: Called Strike
1-1: Ground out 6-3 (Groundball, 6)
Top of the 1st over - 1 run(s), 2 hit(s), 0 error(s), 1 left on base; Redwood City 1 - Calgary 0
BOTTOM OF THE 1ST
Calgary Cowboys batting - Pitching for Redwood City Redwoods : RHP Tom Goff
Pitching: RHP Tom Goff
Batting: RHB Luis Peña 0-0: Ball
1-0: Ball
2-0: Ball
3-0: Called Strike
3-1: Swinging Strike
3-2: Foul Ball, location: 2F
3-2: Foul Ball, location: 2F
3-2: Foul Ball, location: 2F
3-2: Strikes out swinging
Batting: RHB Jorge Balencia 0-0: Foul Ball, location: 2F
0-1: Ground out 5-3 (Groundball, 5S)
Batting: LHB Miguel Pérez 0-0: SOLO HOME RUN (Line Drive, 9D), Distance : 391 ft
Batting: RHB Clark Hodge 0-0: Ball
1-0: Foul Ball, location: 2F
1-1: Swinging Strike
1-2: Ball
2-2: SINGLE (Groundball, 6MD)
Batting: RHB Ramón Martínez 0-0: Called Strike
0-1: Foul Ball, location: 2F
0-2: Ball
1-2: Ground out 2-3 (Groundball, 2L)
Bottom of the 1st over - 1 run(s), 2 hit(s), 0 error(s), 1 left on base; Redwood City 1 - Calgary 1
TOP OF THE 2ND
Redwood City Redwoods batting - Pitching for Calgary Cowboys : RHP Esteban Castro
Batting: LHB Nicholas Alston 0-0: Swinging Strike
0-1: Called Strike
0-2: Foul Ball, location: 2F
0-2: Ball
1-2: Ball
2-2: Strikes out swinging
Batting: LHB Marcos Pérez 0-0: Fly out, F8 (Flyball, 89XD)
Batting: SHB José López 0-0: Ball
1-0: Ground out 5-3 (Groundball, 56)
Top of the 2nd over - 0 run(s), 0 hit(s), 0 error(s), 0 left on base; Redwood City 1 - Calgary 1
BOTTOM OF THE 2ND
Calgary Cowboys batting - Pitching for Redwood City Redwoods : RHP Tom Goff
Batting: RHB Dan Wyatt 0-0: Called Strike
0-1: Ball
1-1: Called Strike
1-2: Foul Ball, location: 2F
1-2: Foul Ball, location: 2F
1-2: Ball
2-2: Ground out 5-3 (Groundball, 56)
Batting: RHB Shayne Burry 0-0: Ball
1-0: Foul Ball, location: 2F
1-1: Ground out 6-3 (Groundball, 6)
Batting: LHB Freddy Herrera 0-0: Ground out U3 (Groundball, 3L)
Bottom of the 2nd over - 0 run(s), 0 hit(s), 0 error(s), 0 left on base; Redwood City 1 - Calgary 1
TOP OF THE 3RD
Redwood City Redwoods batting - Pitching for Calgary Cowboys : RHP Esteban Castro
Batting: LHB Patrick Bright 0-0: Swinging Strike
0-1: SINGLE (Line Drive, 8RS)
Batting: LHB Diego González 0-0: Called Strike
0-1: Swinging Strike
0-2: Foul Ball, location: 2F
0-2: Ball
1-2: Strikes out swinging
Batting: RHB Bob Campbell 0-0: Called Strike
0-1: Ball
1-1: Called Strike
1-2: Foul Ball, location: 2F
1-2: Strikes out swinging
Batting: LHB Iván Salas 0-0: Called Strike
0-1: Ball
1-1: Swinging Strike
1-2: Foul Ball, location: 2F
1-2: Ball
2-2: Foul Ball, location: 2F
2-2: Ball
3-2: Base on Balls
Patrick Bright to second
Batting: LHB Ryan Hensley 0-0: Called Strike
0-1: Ball
1-1: Foul Ball, location: 2F
1-2: Ball
2-2: Ball
3-2: Strikes out looking
Top of the 3rd over - 0 run(s), 1 hit(s), 0 error(s), 2 left on base; Redwood City 1 - Calgary 1
BOTTOM OF THE 3RD
Calgary Cowboys batting - Pitching for Redwood City Redwoods : RHP Tom Goff
Batting: RHB Mario Sánchez 0-0: Ball
1-0: Bunt for hit - play at first, batter safe!
Batting: RHB Luis Peña 0-0: Ball
1-0: Fly out, F7 (Flyball, 7M)
Batting: RHB Jorge Balencia 0-0: Foul Ball, location: 2F
0-1: Foul Ball, location: 2F
0-2: Strikes out looking
Batting: LHB Miguel Pérez 0-0: Called Strike
0-1: Ball
1-1: Ball
2-1: Ball
3-1: Foul Ball, location: 2F
3-2: Base on Balls
Mario Sánchez to second
Batting: RHB Clark Hodge 0-0: Ball
1-0: Ground out 6-3 (Groundball, 6)
Bottom of the 3rd over - 0 run(s), 1 hit(s), 0 error(s), 2 left on base; Redwood City 1 - Calgary 1
TOP OF THE 4TH
Redwood City Redwoods batting - Pitching for Calgary Cowboys : RHP Esteban Castro
Batting: RHB Rafael Rincón 0-0: Called Strike
0-1: Swinging Strike
0-2: Ball
1-2: Foul Ball, location: 2F
1-2: Ball
2-2: Foul Ball, location: 2F
2-2: Fly out, F8 (Flyball, 8RD)
Batting: LHB Nicholas Alston 0-0: Fly out, F7 (Flyball, 7M)
Batting: LHB Marcos Pérez 0-0: Ball
1-0: Called Strike
1-1: Ball
2-1: Ground out 6-3 (Groundball, 6)
Top of the 4th over - 0 run(s), 0 hit(s), 0 error(s), 0 left on base; Redwood City 1 - Calgary 1
BOTTOM OF THE 4TH
Calgary Cowboys batting - Pitching for Redwood City Redwoods : RHP Tom Goff
Batting: RHB Ramón Martínez 0-0: Fly out, F8 (Flyball, 8RM)
Batting: RHB Dan Wyatt 0-0: Called Strike
0-1: Foul Ball, location: 2F
0-2: DOUBLE (Flyball, 9LS)
Batting: RHB Shayne Burry 0-0: Foul Ball, location: 2F
0-1: Ball
1-1: Foul Ball, location: 2F
1-2: Foul Ball, location: 2F
1-2: Ball
2-2: Ground out 6-3 (Groundball, 6M)
Dan Wyatt to third
Batting: LHB Freddy Herrera 0-0: Ball
1-0: Ball
2-0: Called Strike
2-1: SINGLE (Groundball, 34D)
Dan Wyatt scores
Batting: RHB Mario Sánchez 0-0: Swinging Strike
0-1: Foul Ball, location: 2F
Pickoff Throw to First - Error! E1
Freddy Herrera to second
0-2: Foul Ball, location: 2F
0-2: Ball
1-2: Ball
2-2: Ball
3-2: Foul Ball, location: 2F
3-2: Foul Ball, location: 2F
3-2: Foul Ball, location: 2F
3-2: Reached on error, E1 (Groundball, 15)
Freddy Herrera scores
Batting: RHB Luis Peña 0-0: Called Strike
0-1: Foul Ball, location: 2F
0-2: Foul Ball, location: 2F
0-2: Ball
1-2: Ball
2-2: Ball
3-2: SINGLE (Groundball, 56D)
Mario Sánchez to third
Mario Sánchez scores
Batting: RHB Jorge Balencia 0-0: Ball
1-0: Ball
2-0: Ball
3-0: Base on Balls
Luis Peña to second
Batting: LHB Miguel Pérez 0-0: Ball
1-0: Ball
2-0: Ball
3-0: Called Strike
3-1: Fly out, F8 (Line Drive, 8RM)
Bottom of the 4th over - 3 run(s), 3 hit(s), 2 error(s), 2 left on base; Redwood City 1 - Calgary 4
TOP OF THE 5TH
Redwood City Redwoods batting - Pitching for Calgary Cowboys : RHP Esteban Castro
Batting: SHB José López 0-0: Called Strike
0-1: Ball
1-1: Ball
2-1: Ground out 4-3 (Groundball, 4)
Batting: LHB Patrick Bright 0-0: Ball
1-0: Foul Ball, location: 2F
1-1: Foul Ball, location: 2F
1-2: SINGLE (Groundball, 3D)
Batting: LHB Diego González 0-0: Grounds into double play, 6-4-3 (Groundball, 6)
Top of the 5th over - 0 run(s), 1 hit(s), 0 error(s), 0 left on base; Redwood City 1 - Calgary 4
BOTTOM OF THE 5TH
Calgary Cowboys batting - Pitching for Redwood City Redwoods : RHP Tom Goff
Batting: RHB Clark Hodge 0-0: Ball
1-0: Foul Ball, location: 2F
1-1: Ball
2-1: Fly out, F8 (Flyball, 8RXD)
Batting: RHB Ramón Martínez 0-0: Called Strike
0-1: SINGLE (Groundball, 4MD)
Batting: RHB Dan Wyatt 0-0: Ball
1-0: Ball
2-0: Ball
3-0: Called Strike
3-1: Swinging Strike
3-2: Base on Balls
Ramón Martínez to second
Batting: RHB Shayne Burry 0-0: Called Strike
0-1: Fly out, F7 (Flyball, 78S)
Pitching: RHP Jim Williams
Batting: LHB Freddy Herrera 0-0: Ball
1-0: SINGLE (Groundball, 13) (infield hit)
Ramón Martínez to third
Dan Wyatt to second
Batting: RHB Mario Sánchez 0-0: Ball
1-0: Fly out, F9 (Flyball, 9M)
Bottom of the 5th over - 0 run(s), 2 hit(s), 0 error(s), 3 left on base; Redwood City 1 - Calgary 4
TOP OF THE 6TH
Redwood City Redwoods batting - Pitching for Calgary Cowboys : RHP Esteban Castro
Batting: RHB Bob Campbell 0-0: Foul Ball, location: 2F
0-1: Foul Ball, location: 2F
0-2: Ball
1-2: Ball
2-2: Strikes out swinging
Batting: LHB Iván Salas 0-0: Ball
1-0: Called Strike
1-1: Ball
2-1: Ball
3-1: Foul Ball, location: 2F
3-2: Base on Balls
Batting: LHB Ryan Hensley 0-0: Fly out, F2 (Popup, 25F)
Batting: RHB Rafael Rincón 0-0: Called Strike
0-1: Foul Ball, location: 2F
0-2: Fielders Choice at 2nd, 5-4 (Groundball, 5)
Top of the 6th over - 0 run(s), 0 hit(s), 0 error(s), 0 left on base; Redwood City 1 - Calgary 4
BOTTOM OF THE 6TH
Calgary Cowboys batting - Pitching for Redwood City Redwoods : RHP Jim Williams
Batting: RHB Luis Peña 0-0: Ball
1-0: Called Strike
1-1: Foul Ball, location: 2F
1-2: Ball
2-2: DOUBLE (Flyball, 89XD)
Batting: RHB Jorge Balencia 0-0: Called Strike
0-1: Fly out, F3 (Popup, 3SF)
Batting: LHB Miguel Pérez 0-0: 2-RUN HOME RUN (Flyball, 9D), Distance : 391 ft
Batting: RHB Clark Hodge 0-0: Called Strike
0-1: Foul Ball, location: 2F
0-2: Ball
1-2: Foul Ball, location: 2F
1-2: Ground out 4-3 (Groundball, 4)
Batting: RHB Ramón Martínez 0-0: Ball
1-0: Called Strike
1-1: Ball
2-1: Foul Ball, location: 2F
2-2: Strikes out looking
Bottom of the 6th over - 2 run(s), 2 hit(s), 0 error(s), 0 left on base; Redwood City 1 - Calgary 6
TOP OF THE 7TH
Redwood City Redwoods batting - Pitching for Calgary Cowboys : RHP Esteban Castro
Pitching: LHP Takayuki Ine
Batting: LHB Nicholas Alston 0-0: Called Strike
0-1: Called Strike
0-2: Strikes out swinging
Batting: LHB Marcos Pérez 0-0: Called Strike
0-1: Called Strike
0-2: Strikes out looking
Batting: SHB José López 0-0: Swinging Strike
0-1: Ball
1-1: Ball
2-1: Swinging Strike
2-2: DOUBLE (Line Drive, 78D)
Batting: LHB Patrick Bright 0-0: Foul Ball, location: 2F
0-1: Foul Ball, location: 2F
0-2: Ground out 1-3 (Groundball, 15)
Top of the 7th over - 0 run(s), 1 hit(s), 0 error(s), 1 left on base; Redwood City 1 - Calgary 6
BOTTOM OF THE 7TH
Calgary Cowboys batting - Pitching for Redwood City Redwoods : RHP Jim Williams
Batting: RHB Dan Wyatt 0-0: Ball
1-0: Called Strike
1-1: Foul Ball, location: 2F
1-2: SOLO HOME RUN (Flyball, 7D), Distance : 384 ft
Pitching: RHP William Simpson
Batting: RHB Shayne Burry 0-0: Ball
1-0: Ball
2-0: Foul Ball, location: 2F
2-1: Ball
3-1: Base on Balls
Batting: LHB Freddy Herrera 0-0: Bunted foul
0-1: Sac Bunt - play at first, batter OUT! 1-4
Shayne Burry to second
Batting: RHB Mario Sánchez 0-0: Ball
1-0: Called Strike
1-1: Called Strike
1-2: Foul Ball, location: 2F
1-2: Ball
2-2: Fly out, F7 (Flyball, 78D)
Batting: RHB Luis Peña 0-0: Ball
1-0: SINGLE (Groundball, 5L)
Shayne Burry to third
Runner from 3rd tries for Home, SAFE, no throw or cutoff
Batting: RHB Jorge Balencia 0-0: Ball
1-0: Fly out, F9 (Flyball, 9M)
Bottom of the 7th over - 2 run(s), 2 hit(s), 0 error(s), 1 left on base; Redwood City 1 - Calgary 8
TOP OF THE 8TH
Redwood City Redwoods batting - Pitching for Calgary Cowboys : LHP Takayuki Ine
Now at SS: Iain Liefting
Batting: LHB Diego González 0-0: Foul Ball, location: 2F
0-1: Ball
1-1: Ball
2-1: Foul Ball, location: 2F
2-2: Strikes out swinging
Batting: RHB Bob Campbell 0-0: Ball
1-0: Foul Ball, location: 2F
1-1: Ball
2-1: Foul Ball, location: 2F
2-2: Strikes out looking
Batting: LHB Iván Salas 0-0: Ball
1-0: Called Strike
1-1: Ball
2-1: Called Strike
2-2: Strikes out looking
Top of the 8th over - 0 run(s), 0 hit(s), 0 error(s), 0 left on base; Redwood City 1 - Calgary 8
BOTTOM OF THE 8TH
Calgary Cowboys batting - Pitching for Redwood City Redwoods : RHP William Simpson
Batting: LHB Miguel Pérez 0-0: Called Strike
0-1: Ball
1-1: Ball
2-1: Called Strike
2-2: Ball
3-2: Base on Balls
Batting: RHB Clark Hodge 0-0: Ball
1-0: Foul Ball, location: 2F
1-1: SINGLE (Groundball, 6MD)
Miguel Pérez to second
Batting: RHB Ramón Martínez 0-0: Swinging Strike
0-1: Called Strike
0-2: Foul Ball, location: 2F
0-2: Foul Ball, location: 2F
0-2: Ball
1-2: SINGLE (Groundball, 15S) (infield hit)
Miguel Pérez to third
Clark Hodge to second
Batting: RHB Dan Wyatt 0-0: Ball
1-0: Ball
2-0: Ball
3-0: Called Strike
3-1: Base on Balls
Miguel Pérez scores
Clark Hodge to third
Ramón Martínez to second
Pitching: RHP Ron Williams
Batting: RHB Shayne Burry 0-0: Ball
Passed Ball!
Clark Hodge scores
Ramón Martínez to third
Dan Wyatt to second
1-0: Foul Ball, location: 2F
1-1: Ball
2-1: Foul Ball, location: 2F
2-2: Strikes out looking
Batting: RHB Iain Liefting 0-0: Called Strike
0-1: Ball
1-1: Foul Ball, location: 2F
1-2: Strikes out swinging
Batting: RHB Mario Sánchez 0-0: Ball
Wild Pitch!
Ramón Martínez scores
Dan Wyatt to third
1-0: Called Strike
1-1: Foul Ball, location: 2F
1-2: Strikes out swinging
Bottom of the 8th over - 3 run(s), 2 hit(s), 0 error(s), 1 left on base; Redwood City 1 - Calgary 11
TOP OF THE 9TH
Redwood City Redwoods batting - Pitching for Calgary Cowboys : LHP Takayuki Ine
Batting: LHB Ryan Hensley 0-0: Ball
1-0: Called Strike
1-1: Ball
2-1: Called Strike
2-2: Ball
3-2: SOLO HOME RUN (Flyball, 9D), Distance : 381 ft
Batting: RHB Rafael Rincón 0-0: Called Strike
0-1: Ball
1-1: Called Strike
1-2: Strikes out looking
Batting: LHB Nicholas Alston 0-0: Fly out, F8 (Line Drive, 8LD)
Batting: LHB Marcos Pérez 0-0: Ball
1-0: Ball
2-0: Ball
3-0: Base on Balls
Batting: SHB José López 0-0: Fielders Choice at 2nd, 6-4 (Groundball, 6)
Top of the 9th over - 1 run(s), 1 hit(s), 0 error(s), 0 left on base; Redwood City 2 - Calgary 11
Monday, December 5th, 2016 - OOTP Baseball 17.12 Build 75